 Dungeon Crawl Stone Soup version 0.20.1-1-g8b1a95d (webtiles) character file.

462 Knicklaso the Cutter (level 7, -4/46 HPs)
             Began as a Halfling Fighter on Aug 16, 2017.
             Slain by a slave (7 damage)
             ... led by Pikel
             ... on level 4 of the Dungeon.
             The game lasted 00:10:07 (3179 turns).

Knicklaso the Cutter (Halfling Fighter)             Turns: 3179, Time: 00:10:08

Health: -4/46      AC:  9    Str: 19    XL:     7   Next: 28%
Magic:  7/7        EV: 13    Int:  6    God:
Gold:   210        SH: 10    Dex: 18    Spells: 6/6 levels left

rFire    . . .     SeeInvis .   B - +0 rapier (curse)
rCold    . . .     Gourm    .   c - +0 shield
rNeg     . . .     Faith    .   i - +2 leather armour {MR+}
rPois    .         Spirit   .   t - +2 hat
rElec    .         Reflect  .   (no cloak)
rCorr    .         Harm     .   q - +0 pair of gloves
MR       +....                  x - +0 pair of boots
Stlth    +++.......             (no amulet)
Regen    0.2/turn               j - +4 ring of dexterity
MPRegen  0.1/turn               r - ring of stealth

@: flying, hasted, very quick
A: mutation resistance 1
a: no special abilities


You were on level 4 of the Dungeon.
You were not hungry.

You visited 1 branch of the dungeon, and saw 4 of its levels.
You also visited: Sewer.

You collected 210 gold pieces.

Inventory:

Hand Weapons
 B - a cursed +0 rapier (weapon)
Missiles
 e - 166 stones (quivered)
 p - 7 tomahawks
Armour
 c - a +0 shield (worn)
 i - a +2 leather armour of magic resistance (worn)
 q - a +0 pair of gloves (worn)
 t - a +2 hat (worn)
 x - a +0 pair of boots (worn)
Jewellery
 j - a +4 ring of dexterity (left hand)
 r - a ring of stealth (right hand)
 u - an uncursed ring of protection from magic
Wands
 z - a wand of scattershot (5/9)
 D - a wand of polymorph (9/24)
Scrolls
 a - a scroll of fear {unknown}
 b - 5 scrolls of identify {unknown}
 h - 3 scrolls of remove curse {unknown}
 k - 5 scrolls of teleportation {unknown}
 m - a scroll of amnesia {unknown}
 o - 3 scrolls of recharging {unknown}
 w - 2 scrolls of fog {unknown}
 y - a scroll of enchant weapon {unknown}
Potions
 d - a potion of might
 l - a potion of ambrosia
 s - a potion of flight
 C - a potion of brilliance {unknown}
Books
 v - a book of Cantrips

   Spells                             Type                      Level
   a - Confusing Touch                Hexes                        1
   b - Animate Skeleton               Necromancy                   1
   c - Summon Small Mammal            Summoning                    1
   d - Apportation                    Translocation                1
Comestibles
 f - 3 bread rations
 g - 2 royal jellies


   Skills:
 + Level 3.6 Fighting
 * Level 6.1 Short Blades
 - Level 3.3 Armour
 + Level 3.1 Dodging
 + Level 2.7 Stealth
 - Level 4.0 Shields


You had 6 spell levels left.
You didn't know any spells.

Dungeon Overview and Level Annotations

Branches:
Dungeon (4/15)
 Temple: D:4-7

Altars:
Hepliaklqana

Annotations:
D:4 Pikel


Innate Abilities, Weirdness & Mutations

You are small and have problems with some larger weapons.
You are somewhat resistant to further mutation.


Message History

The slave hits you.
* * * LOW HITPOINT WARNING * * *
You feel better. The slave barely misses you.
Pikel hits you but does no damage. The slave hits you but does no damage.
You feel better. The slave hits you.
* * * LOW HITPOINT WARNING * * *
Pikel hits you with a whip of freezing.
* * * LOW HITPOINT WARNING * * *
Pikel freezes you.
* * * LOW HITPOINT WARNING * * *
You block the slave's attack.
It was a potion of haste.
You feel yourself speed up. You block the slave's attack.
You block Pikel's attack. The slave closely misses you.
You hit Pikel but do no damage.
Pikel is severely wounded.
You block Pikel's attack. The slave hits you.
* * * LOW HITPOINT WARNING * * *
The slave hits you!
You die...

##########.###.###.########
#.......##. #.# #........#
#.#####.##.###.###.######).$
#.#####.##.p...##.##
......... #..#...######
#....##.# #.p...........
####.# #.#..#.####### #.#
#...###p.....# #.#
#.#....#@p......
##.##.#.#.>..K##.###.#
#..........#.....#
###..###..#..#.#####
.............#..
###..........####
###..####....# ..........#..
####.##.###


You could see Pikel and 2 slaves.

Vanquished Creatures
  A slave (D:4)
  2 bullfrogs (Sewer)
  A worker ant (D:4)
  A hound zombie (D:4)
  9 adders
  A river rat (D:4)
  14 oozes
  An adder zombie (D:4)
  An adder skeleton (D:4)
  A worm (D:2)
  10 leopard geckos
  An orc (D:2)
  15 ball pythons
  13 giant cockroaches
  8 goblins
  9 hobgoblins
  13 jackals
  2 quokkas
  6 bats
  12 frilled lizards
  2 giant cockroach zombies (D:4)
  8 kobolds
  A leopard gecko skeleton (D:4)
  10 rats
142 creatures vanquished.

Notes
Turn   | Place    | Note
-------+----------+-------------------------------------------
     0 | D:1      | Knicklaso the Halfling Fighter began the quest for the Orb.
     0 | D:1      | Reached XP level 1. HP: 15/15 MP: 1/1
   143 | D:1      | Reached XP level 2. HP: 17/20 MP: 2/2
   175 | D:1      | Reached skill level 3 in Short Blades
   275 | D:1      | Reached XP level 3. HP: 16/25 MP: 3/3
   764 | D:2      | Found a hazy altar of Hepliaklqana.
   911 | D:2      | Found a faded altar of an unknown god.
   977 | D:2      | Reached XP level 4. HP: 16/30 MP: 4/4
  1471 | D:2      | Reached skill level 4 in Short Blades
  1764 | D:3      | Reached XP level 5. HP: 36/36 MP: 5/5
  1783 | D:3      | Reached skill level 1 in Stealth
  1939 | D:3      | Reached skill level 1 in Dodging
  2320 | D:4      | Found a glowing drain.
  2357 | Sewer    | Entered a sewer
  2409 | Sewer    | Reached skill level 5 in Short Blades
  2410 | Sewer    | Reached XP level 6. HP: 41/42 MP: 6/6
  2762 | Sewer    | Reached XP level 7. HP: 15/46 MP: 7/7
  2764 | Sewer    | Reached skill level 6 in Short Blades
  3119 | D:4      | Noticed Pikel
  3175 | D:4      | HP: 1/46 [slave[Pikel] (5)]
  3179 | D:4      | Slain by a slave

Skill      XL: |  1  2  3  4  5  6  7 |
---------------+----------------------+-----
Short Blades   | 3 4 5 6 |  6.1
Fighting       | 3 |  3.6
Stealth        | 1 2 |  2.7
Dodging        | 1 3 |  3.1
Shields        | 4 |  4.0
Armour         | |  3.3

Action                   |  1- 3 |  4- 6 |  7- 9 || total
-------------------------+-------+-------+-------++-------
Melee: Rapier            |   111 |   359 |    54 ||   524
Throw: Stone             |       |    11 |       ||    11
  Use: Potion            |       |       |     6 ||     6
 Stab: Sleeping          |     2 |     9 |     1 ||    12
  Eat: Chunk             |       |     7 |     1 ||     8
Armor: Scale mail        |     3 |       |       ||     3
       Leather armour    |    31 |   115 |    20 ||   166
Dodge: Dodged            |    36 |   161 |    50 ||   247
Block: Shield            |    70 |   218 |    35 ||   323
